 Dungeon Crawl Stone Soup version 0.26-a0-1147-g3780a7a11b (webtiles) character file.

Game seed: 1870748435727063707

30 gruber the Chiller (level 3, -7/24 HPs)
             Began as a Demonspawn Ice Elementalist on Dec 22, 2020.
             Mangled by Sigmund
             ... wielding a +0 scythe
              (8 damage)
             ... on level 2 of the Dungeon.
             The game lasted 00:01:27 (1283 turns).

gruber the Chiller (Demonspawn Ice Elementalist)    Turns: 1283, Time: 00:01:28

Health: -7/24      AC:  4    Str:  8    XL:     3   Next: 3%
Magic:  0/6        EV: 12    Int: 17    God:
Gold:   85         SH:  0    Dex: 13    Spells: 2/6 levels left

rFire    . . .     SeeInvis .   (no weapon)
rCold    . . .     Faith    .   (no shield)
rNeg     . . .     Spirit   .   a - +0 robe
rPois    .         Reflect  .   (no helmet)
rElec    .         Harm     .   (no cloak)
rCorr    .         Rampage  .   (no gloves)
Will     .....                  (no boots)
Stlth    ++........             (no amulet)
HPRegen  0.08/turn              (no ring)
MPRegen  0.10/turn              (no ring)

@: no status effects
A: yellow scales 1, miasma immunity
a: no special abilities


You were on level 2 of the Dungeon.
You visited 1 branch of the dungeon, and saw 2 of its levels.

You collected 85 gold pieces.

Inventory:

Armour
 a - a +0 robe (worn)
Scrolls
 b - a scroll of fog {unknown}
 d - a scroll of enchant armour {unknown}
 g - 2 scrolls of identify {unknown}
 i - a scroll of magic mapping {unknown}
Potions
 c - 2 potions of curing {unknown}
 e - a potion of berserk rage {unknown}
 f - a potion of invisibility {unknown}
 h - a potion of brilliance {unknown}


   Skills:
 - Level 1.7 Dodging
 - Level 1.7 Stealth
 - Level 2.0 Spellcasting
 + Level 4.5 Ice Magic


You had 2 spell levels left.
You knew the following spells:

 Your Spells              Type           Power        Failure   Level
a - Freeze                Ice            68%          3%          1
b - Frozen Ramparts       Ice            34%          9%          3

Your spell library contained the following spells:

 Spells                   Type           Power        Failure   Level
 Ozocubu's Armour         Ice            17%          9%          3
 Hailstorm                Conj/Ice       9%           58%         4
 Summon Ice Beast         Ice/Summ       9%           58%         4


Dungeon Overview and Level Annotations

Branches:
Dungeon (2/15)

Altars:

Annotations:
D:2 Sigmund


Innate Abilities, Weirdness & Mutations

You are partially covered in yellow scales. (AC +2)
You are immune to miasma.


Message History

The wall freezes Sigmund.
Sigmund hits you with a +0 scythe!
Ouch! That really hurt!
Unknown command.
Casting: Frozen Ramparts (quite dangerous; 9% risk of failure)
Confirm with . or Enter, or press ? or * to list all spells.
Aiming: Freeze (safe; 3% risk of failure)
Press: ? - help, Shift-Dir - straight line, f - Sigmund
Aim: Sigmund, wielding a +0 scythe and wearing a +0 robe (severely wounded)
You freeze Sigmund.
Sigmund is almost dead.
The frozen ramparts melt away.
Sigmund points at you and mumbles some strange words.
The puff of flame hits you!
* * * LOW HITPOINT WARNING * * *
Unknown command.
Unknown command.
You barely miss Sigmund.
Sigmund is almost dead.
Sigmund hits you with a +0 scythe!
You die...

## ..
############.###
................
......@@.....#
>.....##.#######
..... #.......#
.... #.#.....#
### #.#.#####.#
#.#.......#
#....######
#.##...######.#
#..........<...


You could see Sigmund.

Vanquished Creatures
  3 giant cockroaches (D:1)
  5 goblins (D:1)
  5 hobgoblins (D:1)
  6 bats (D:1)
  3 frilled lizards (D:1)
  5 rats (D:1)
27 creatures vanquished.

Notes
Turn   | Place    | Note
-------+----------+-------------------------------------------
     0 | D:1      | gruber the Demonspawn Ice Elementalist began the quest for
                  | the Orb.
     0 | D:1      | Reached XP level 1. HP: 13/13 MP: 3/3
   198 | D:1      | Reached skill level 4 in Ice Magic
   228 | D:1      | Gained mutation: You are immune to miasma. [demonic
                  | ancestry]
   228 | D:1      | Reached XP level 2. HP: 13/19 MP: 1/5
  1047 | D:1      | Gained mutation: You are partially covered in yellow
                  | scales. (AC +2) [demonic ancestry]
  1047 | D:1      | Reached XP level 3. HP: 23/24 MP: 2/6
  1263 | D:2      | Noticed Sigmund
  1269 | D:2      | Learned a level 3 spell: Frozen Ramparts
  1282 | D:2      | HP: 1/24 [Sigmund/puff of flame (8)]
  1283 | D:2      | Mangled by Sigmund

Illustrated notes

Levels and vault maps discovered:
D:1:      minmay_arrival_widening_spiral_wide, layout_rooms
D:2:      layout_basic, lemuel_crystal_altar, kennysheep_jessica_study,
          uniq_sigmund

Skill      XL: |  1 |
---------------+----+-----
Ice Magic      | 4 |  4.5
Dodging        | |  1.7
Stealth        | |  1.7
Spellcasting   | |  2.0

Action                   || total
-------------------------++-------
Melee: Unarmed           ||    55
 Cast: Freeze            ||    35
       Frozen Ramparts   ||     1
Armor: Robe              ||    27
Dodge: Dodged            ||    63

Table legend: (Time is in decaauts)
 A = Elapsed time spent in this place.
 B = Non-inter-level travel time spent in this place.
 C = Inter-level travel time spent in this place.
 D = Time resting spent in this place.
 E = Time spent auto-exploring this place.
 F = Levels seen in this place.
 G = Mean time per level.
                   A        B        C        D        E       F      G
               +--------+--------+--------+--------+--------+-----+--------+
         Total |   1282 |   1254 |     28 |      0 |   1057 |   2 |  641.0 |
       Dungeon |   1282 |   1254 |     28 |      0 |   1057 |   2 |  641.0 |
               +--------+--------+--------+--------+--------+-----+--------+

Top non-repeatable levels by time:
     D:1: 1239 daAuts
     D:2: 43 daAuts
